Map: Orbital Shipyard

Players

tOne - Winner!

  • Race: Terran Terran
  • League: Master

Furbiford

  • Race: Terran Terran
  • League: Master

VOD

Have the link to the VOD?

Description

Time

  • Played on: Jan. 12, 2016, 6:01 a.m.
  • Length: 5:16
Show
View Real Time Build Order
Export as new Build Order

tOne Terran - Winner!

Build Orders: 1/1/1, Banshee Rush 

Get SALT Encoding   

  12  0:01  SCV  
  13  0:14  SCV  
  13  0:18  Supply Depot  
  14  0:26  SCV  
  15  0:29  Refinery  
  15  0:40  SCV  
  16  0:46  Barracks  
  16  0:52  SCV  
  17  0:58  Refinery  
  17  1:04  SCV  
  18  1:16  SCV  
  19  1:35  Factory, Orbital Command  
  19  1:40  Reaper  
  20  1:50  Supply Depot  
  20  2:01  SCV  
  21  2:13  SCV, Reaper  
  23  2:19  Hellion, Starport  
  25  2:25  SCV  
  26  2:32  Supply Depot  
  26  2:37  SCV  
  26  2:40  Hellion  
  29  2:46  Barracks Tech Lab  
  29  2:50  SCV  
  30  3:00  Supply Depot  
  30  3:02  SCV  
  31  3:08  Banshee  
  31  3:09  Cloaking Field  
  34  3:14  SCV  
  35  3:26  SCV  
  34  3:38  Command Center, SCV  
  35  3:43  Barracks Reactor  
  35  3:45  Factory Tech Lab  
  35  3:50  SCV  
  36  4:02  SCV  
  36  4:06  Banshee, Siege Tank  
  42  4:11  Supply Depot  
  42  4:23  SCV  
  43  4:30  Marine x2  
  45  4:36  SCV  
  46  4:48  SCV  
  47  4:55  SCV  
  47  4:56  Marine x2  
Show
View Real Time Build Order
Export as new Build Order

Furbiford Terran 

Build Orders:  

Get SALT Encoding   

  12  0:01  SCV  
  13  0:13  SCV  
  14  0:18  Supply Depot  
  14  0:25  SCV  
  15  0:39  SCV  
  15  0:40  Barracks  
  16  0:46  Refinery  
  16  0:51  SCV  
  17  1:03  SCV  
  18  1:15  SCV  
  19  1:28  Orbital Command  
  19  1:29  Barracks Reactor  
  19  1:44  Command Center  
  19  1:54  SCV  
  19  1:56  Supply Depot  
  20  2:05  Marine x2  
  22  2:11  Factory  
  22  2:14  SCV  
  23  2:23  Marine x2  
  23  2:29  Barracks  
  25  2:32  SCV  
  26  2:37  Engineering Bay  
  26  2:41  Marine x2  
  28  2:45  SCV  
  29  2:54  Widow Mine  
  31  2:58  Marine  
  31  2:59  Marine  
  31  3:02  Orbital Command  
  31  3:05  SCV  
  34  3:16  Supply Depot, Marine x2  
  34  3:18  Barracks Tech Lab  
  36  3:23  SCV, Widow Mine  
  36  3:36  SCV  
  36  3:37  SCV  
  36  3:38  Missile Turret  
  38  3:44  Marine  
  38  3:45  Missile Turret, Marine x2  
  41  3:49  SCV  
  41  3:50  SCV  
  41  3:51  Widow Mine  
  44  4:02  Marine x2  
  42  4:03  Marine  
  42  4:06  SCV x2  
  47  4:10  Missile Turret  
  47  4:16  Supply Depot  
  47  4:21  Marine x2  
  47  4:22  Marine  
  48  4:28  SCV x2  
  48  4:39  Marine x3  
  48  4:40  SCV x2  
  48  4:42  Factory Tech Lab  
  51  4:52  SCV x2  
  51  4:57  Supply Depot, Marine x3  
Tags
 
Add a new tag
Caveats
  • Supply blocks, unpowered buildings, or Contaminate may cause inaccurate times.
  • Supply counts are checked every 10 seconds.